 Dungeon Crawl Stone Soup version 0.27.1-15-g792fb953b9 (webtiles) character file.

Game seed: 6820474971402275313

45 croobank the Scratcher (level 3, 0/15 HPs)
             Began as a Felid Transmuter on Nov 19, 2021.
             Was a Follower of Trog.
             Slain by a jackal (2 damage)
             ... on level 2 of the Dungeon.
             The game lasted 00:11:33 (1907 turns).

croobank the Scratcher (Felid Transmuter)           Turns: 1907, Time: 00:11:34

Health: 0/15       AC:  1    Str:  7    XL:     3   Next: 42%
Magic:  7/7        EV: 17    Int: 20    God:    Trog [*.....]
Gold:   91         SH:  0    Dex: 16    Spells: 3/6 levels left
                                        Lives:  0   Deaths: 0

rFire    . . .     SeeInvis +     - Unarmed
rCold    . . .     Faith    .   (shield unavailable)
rNeg     . . .     Spirit   .   (armour unavailable)
rPois    .         Reflect  .   (helmet unavailable)
rElec    .         Harm     .   (cloak unavailable)
rCorr    .         Rampage  .   (gloves unavailable)
Will     .....                  (boots unavailable)
Stlth    ++........             (no amulet)
HPRegen  0.05/turn              b - +6 ring of intelligence
MPRegen  0.10/turn              (no ring)

@: on berserk cooldown, slowed, slow
A: very small, claws 1, fangs 3, see invisible, speed 1, shaggy fur 1, stealthy
paws, no weapons or thrown items, no armour, multi-lived
a: Renounce Religion, Berserk


You were on level 2 of the Dungeon.
You worshipped Trog.
Trog was aware of your devotion.
You visited 1 branch of the dungeon, and saw 2 of its levels.

You collected 91 gold pieces.

Inventory:

Missiles
 a - 48 stones
Jewellery
 b - a +6 ring of intelligence (left paw)
Scrolls
 c - 3 scrolls of teleportation
 d - a scroll of holy word {unknown}


   Skills:
 + Level 1.0 Fighting
 + Level 2.9 Dodging
 + Level 1.3 Stealth
 + Level 3.7 Unarmed Combat
 - Level 2.3 Spellcasting
 - Level 2.6 Transmutations


You had 3 spell levels left.
You knew the following spells:

 Your Spells              Type           Power      Damage    Failure   Level
a - Beastly Appendage     Tmut           24%        N/A       5%          1
b - Ensorcelled Hibernat  Hex/Ice        4%         N/A       22%         2

Your spell library contained the following spells:

 Spells                   Type           Power      Damage    Failure   Level
 Wereblood                Tmut           12%        N/A       8%          2
 Corona                   Hex            2%         N/A       16%         1
 Spider Form              Tmut/Pois      3%         N/A       26%         3
 Tukima's Dance           Hex            2%         N/A       41%         3
 Ice Form                 Ice/Tmut       7%         N/A       65%         4


Dungeon Overview and Level Annotations

Branches:
Dungeon (2/15)

Altars:
Trog

Shops:
D:1 (


Innate Abilities, Weirdness & Mutations

You have sharp claws.
You have razor-sharp teeth.
You have supernaturally acute eyesight. (SInv)
You cover ground quickly. (Speed+)
You are covered in fur. (AC +1)
Your paws help you pounce on unaware monsters.
You are incapable of wielding weapons or throwing items.
You cannot wear armour.
You gain extra lives every three experience levels.


Message History

A hobgoblin comes into view.
The hobgoblin shouts!
You scratch the kobold.
The kobold is severely wounded.
The kobold hits you with a +0 whip.
You closely miss the kobold.
The kobold is severely wounded.
The kobold hits you with a +0 whip.
You scratch the kobold but do no damage.
The kobold is severely wounded.
The kobold barely misses you.
You barely miss the kobold.
The kobold is severely wounded.
The kobold completely misses you.
A red film seems to cover your vision as you go berserk!
You feel yourself moving faster!
You feel mighty! The kobold hits you with a +0 whip.
The endoplasm barely misses you.
You barely miss the kobold.
The kobold is severely wounded.
The kobold closely misses you. The endoplasm hits you.
* * * LOW HITPOINT WARNING * * *
The hobgoblin misses you.
You scratch the kobold.
You kill the kobold!
Trog accepts your kill.
You completely miss the endoplasm. The endoplasm freezes you.
You are frozen.
* * * LOW HITPOINT WARNING * * *
The hobgoblin hits you.
* * * LOW HITPOINT WARNING * * *
You feel a strong urge to attack something.
A jackal comes into view.
You feel your anger nearly subside.
You are no longer berserk.
You are exhausted.
You feel yourself slow down. The jackal barely misses you.
The jackal bites you.
You die...

....##.....##... #.#
#...#
..........####... #.#
###.# ######........#
#.# #.. #........#
#.#####.. #........#
..##.....
..######........# #.
#.##..
...$.........g..# #
#.#
.............J..#####
#.#
......)........h@...#
..##.##..
....................#
........#
....................#
#.##.##.#
....................#
.. ..#
.........###........#
. .... ...#.....#
##........# .....
####.....# #.........
...... #.........#
....... ..####'#


You could see an endoplasm, a jackal and a hobgoblin.

Vanquished Creatures
  2 dart slugs (D:1)
  3 ball pythons (D:1)
  3 bats
  4 endoplasms
  A giant cockroach (D:1)
  5 goblins
  8 hobgoblins
  A quokka (D:1)
  5 kobolds
  3 rats (D:1)
35 creatures vanquished.

Notes
Turn   | Place    | Note
-------+----------+-------------------------------------------
     0 | D:1      | croobank the Felid Transmuter began the quest for the Orb.
     0 | D:1      | Reached XP level 1. HP: 9/9 MP: 4/4
   361 | D:1      | Reached XP level 2. HP: 12/12 MP: 4/6
   438 | D:1      | Found Wovuam's Antique Weapon Shoppe.
   793 | D:1      | Learned a level 2 spell: Ensorcelled Hibernation
  1265 | D:1      | Found a faded altar of an unknown god.
  1279 | D:1      | Became a worshipper of Trog the Wrathful
  1279 | D:1      | Reached * piety under Trog
  1363 | D:1      | Reached XP level 3. HP: 15/15 MP: 7/7
  1529 | D:2      | Reached skill level 1 in Stealth
  1907 | D:2      | Slain by a jackal

Illustrated notes

Levels and vault maps discovered:
D:1:      dpeg_arrival_rhombi, layout_basic,
          dreamdust_ecumenical_altar_hidden_monk_grotto, serial_shops,
          nicolae_shop_crystal
D:2:      layout_basic, minmay_goblin_outpost

Skill      XL: |  1  2  3 |
---------------+----------+-----
Stealth        | 1 |  1.3
Fighting       | |  1.0
Dodging        | |  2.9
Unarmed Combat | |  3.7
Spellcasting   | |  2.3
Transmutations | |  2.6

Action                   || total
-------------------------++-------
Melee: Unarmed           ||    68
       Headbutt          ||     6
       Bite              ||     6
       Punch             ||     2
 Cast: Beastly Appendage ||    11
       Ensorcelled Hiber ||     3
Invok: Berserk           ||     3
  Use: Scroll            ||     1
 Stab: Sleeping          ||     4
Armor: Skin              ||     1
Dodge: Dodged            ||    40
